AoeStats
← DKing

Lombardia

509664537Analyzed
4v4 RM · 5d ago on Sep 27, 2026· 19m 9s· 8 players
Game mode
Random Map
Map size
Large (8 player)
Population
200
Speed
Normal
Resources
Standard
Victory
Conquest
Starting age
Dark Age
Ending age
Imperial Age
RankedLock teamsTeams togetherTeam positionsShared explorationLock speedFull tech treeHidden civsTurbo modeCheats
Victory
Defeat
🇨🇭 Varangians · Switzerland
1532
+7
🇨🇭 Saracens · Switzerland
1427
+10
🇨🇭 Magyars · Switzerland
1202
+18
🇨🇭 Persians · Switzerland
1164
+19
🇩🇪 Slavs · Germany
1297
-14
🇪🇸 Khmer · Spain
1278
-14
🇪🇨 Malians · Ecuador
1270
-13
🇵🇹 Hindustanis · Portugal
1261
-13
green
9:35 Loom
12:00 Feudal Age
12:31 Double-Bit Axe
12:38 Gold Mining
12:32 Horse Collar
DKing
5:57 Loom
11:07 Feudal Age
15:27 Castle Age
Leopard
8:34 Loom
11:06 Feudal Age
12:12 Double-Bit Axe
14:57 Castle Age
13:22 Horse Collar
14:54 Bloodlines
15:54 Bow Saw
Juanse7991
0:30 Loom
10:47 Feudal Age
17:28 Castle Age
15:39 Double-Bit Axe
Zuff
6:38 Loom
9:23 Feudal Age
9:55 Double-Bit Axe
14:49 Forging
21:38 Castle Age
Damzleboss
9:18 Feudal Age
11:09 Bloodlines
15:21 Scale Barding Armor
17:37 Horse Collar
Shoggi
6:17 Loom
9:14 Feudal Age
10:01 Double-Bit Axe
13:48 Fletching
Meynar
6:31 Loom
9:10 Feudal Age
10:05 Double-Bit Axe
10:19 Horse Collar
20:33 Castle Age
Connection lost

Rejoining the realm…

Still unreachable

The connection could not be restored.

Session expired

The server has moved on; the page needs a fresh start.